 Dungeon Crawl Stone Soup version 0.30.0-29-ga12c61a403 (webtiles) character file.

Game seed: 6065616467483211335

42 Ijustatesigmund the Stinger (level 3, -9/23 HPs)
             Began as an Octopode Venom Mage on June 16, 2023.
             Mangled by an orc
             ... wielding a +0 war axe
              (11 damage)
             ... on level 2 of the Dungeon.
             The game lasted 00:01:44 (1074 turns).

Ijustatesigmund the Stinger (Octopode Venom Mage)   Turns: 1074, Time: 00:01:45

Health: -9/23      AC:  1    Str:  7    XL:     3   Next: 56%
Magic:  1/6        EV: 13    Int: 19    God:
Gold:   40         SH:  0    Dex: 12    Spells: 4/7 levels left

rFire   . . .        c - +0 quarterstaff
rCold   . . .        (shield currently unavailable)
rNeg    . . .        (helmet restricted)
rPois   .            (no amulet)
rElec   .            (no ring)
rCorr   .            (no ring)
SInv    .            (no ring)
Will    .....        (no ring)
Stlth   +++          (no ring)
HPRegen 0.23/turn    (no ring)
MPRegen 0.10/turn    (no ring)
                     (no ring)

%: no passive effects
@: no status effects
A: almost no armour, amphibious, 8 rings, camouflage 1, gelatinous body 1,
(nimble swimmer 1), tentacles
a: no special abilities


You were on level 2 of the Dungeon.
You visited 1 branch of the dungeon, and saw 2 of its levels.

You collected 40 gold pieces.

Inventory:

Hand Weapons
 c - a +0 quarterstaff (weapon)
Scrolls
 d - 3 scrolls of identify {unknown}
 e - a scroll of noise {unknown}
 f - a scroll of immolation {unknown}
Potions
 a - a potion of magic
 b - a potion of curing


   Skills:
 + Level 1.5 Fighting
 - Level 2.0 Dodging
 - Level 2.6 Stealth
 + Level 2.5 Spellcasting
 - Level 1.0 Transmutations
 + Level 4.3 Poison Magic


You had 4 spell levels left.
You knew the following spells:

 Your Spells              Type           Power      Damage    Failure   Level
a - Sting                 Tmut/Pois      48%        1d5       5%          1
b - Poisonous Vapours     Pois/Air       20%        N/A       10%         2

Your spell library contained the following spells:

 Spells                   Type           Power      Damage    Failure   Level
 Mephitic Cloud           Conj/Pois/Air  7%         N/A       26%         3
 Olgreb's Toxic Radiance  Pois           18%        N/A       26%         4


Dungeon Overview and Level Annotations

Branches:
Dungeon (2/15)

Altars:

Annotations:
D:2 1 runed translucent door, Crazy Yiuf


Innate Abilities, Weirdness & Mutations

You cannot wear most types of armour.
You are amphibious.
You can wear up to eight rings at the same time.
Your skin changes colour to match your surroundings (Stealth+).
Your rubbery body absorbs attacks. (AC +1, EV +1)
((You are camouflaged when in or above water. (Stealth+)))
You have tentacles for arms and can constrict up to eight enemies at once.


Message History

You squeeze the orc wizard, but do no damage.
The orc wizard is heavily wounded.
The orc wizard casts a spell.
The orc wizard flickers and vanishes!
Deactivating autopickup; reactivate with Ctrl-A.
You hear a shout! x2
You miss something. Something hits you.
An orc comes into view. It is wielding a +0 war axe.
You miss something.
You hear some strange, mumbled words.
A magic dart appears from out of thin air!
The magic dart hits you.
* * * LOW HITPOINT WARNING * * *
An orc comes into view. It is wielding a +0 club.
Something hits you.
* * * LOW HITPOINT WARNING * * *
It was a potion of curing.
You feel better.
You hear some strange, mumbled words.
A puff of flame appears from out of thin air!
The puff of flame misses you.
An orc comes into view. It is wielding a +0 hand axe.
The orc shouts!
You hit something but do no damage.
Reactivating autopickup.
You feel a bit more experienced.
You have reached level 3!
Your experience leads to an increase in your attributes!
Increase (S)trength, (I)ntelligence, or (D)exterity?
You feel clever. x2
Casting: Poisonous Vapours (safe; 10% risk of failure)
Confirm with . or Enter, or press ? or * to list all spells.
Aiming: Sting (safe; 5% risk of failure)
Press: ? - help, Shift-Dir - straight line, f - orc
Aim: an orc, wielding a +0 war axe (71% to hit)
The sting hits the orc.
The orc is poisoned.
The orc is heavily wounded.
The orc hits you with a +0 war axe!
* * * LOW HITPOINT WARNING * * *
The orc attacks as you move away! The orc hits you with a +0 war axe!
You die...

### #..
#.# #o#
#######o#
..!...o.#
#######@#
#.# #.#
#.# #.#
#.# #.#
#.# #.#


You could see 3 orcs.

Vanquished Creatures
  An orc wizard (D:2)
  A ball python (D:1)
  2 bats
  An endoplasm (D:1)
  4 giant cockroaches (D:1)
  2 goblins (D:1)
  2 hobgoblins (D:1)
  A rat (D:1)
14 creatures vanquished.

Notes
Turn   | Place    | Note
-------+----------+-------------------------------------------
     0 | D:1      | Ijustatesigmund the Octopode Venom Mage began the quest for
                  | the Orb.
     0 | D:1      | Reached XP level 1. HP: 11/11 MP: 3/3
   385 | D:1      | Found a faded altar of an unknown god.
   437 | D:1      | Reached XP level 2. HP: 18/18 MP: 3/5
   440 | D:1      | Learned a level 2 spell: Poisonous Vapours
   647 | D:1      | Reached skill level 1 in Fighting
   647 | D:1      | Reached skill level 4 in Poison Magic
   962 | D:2      | Found a runed translucent door.
   963 | D:2      | Noticed Crazy Yiuf
  1072 | D:2      | Reached XP level 3. HP: 12/23 MP: 2/6
  1074 | D:2      | Mangled by an orc

Illustrated notes

Levels and vault maps discovered:
D:1:      minmay_arrival_doors, layout_loops_cross, basic_ecumenical_altar,
          dk_noncrumbling_4, minmay_worlds_worst_comb
D:2:      minmay_thinvault, layout_loops_ring, uniq_crazy_yiuf_cottage

Skill      XL: |  1  2 |
---------------+-------+-----
Fighting       | 1 |  1.5
Poison Magic   | 4 |  4.3
Dodging        | |  2.0
Stealth        | |  2.6
Spellcasting   | |  2.5
Transmutations | |  1.0

Action                     || total
---------------------------++-------
  Melee: Quarterstaff      ||    18
         Constrict         ||     5
         Tentacles         ||     4
         Unarmed           ||     1
   Cast: Sting             ||     7
         Poisonous Vapours ||     6
    Use: Potion            ||     1
   Stab: Sleeping          ||     1
 Armour: Skin              ||     2
  Dodge: Dodged            ||     6
